 Dungeon Crawl Stone Soup version 0.32-a0-433-g08bcfe7efd (webtiles) character file.

Game seed: 5331194311885841294

11207 PriceMaster the Thaumaturge (level 11, -1/50 HPs)
             Began as a Spriggan Alchemist on Feb 21, 2024.
             Was a Priest of Sif Muna.
             Slain by a six-headed hydra (2 damage)
             ... on level 2 of the Lair of Beasts on Feb 23, 2024.
             The game lasted 00:46:23 (21597 turns).

PriceMaster the Thaumaturge (Spriggan Alchemist)   Turns: 21597, Time: 00:46:23

Health: -1/50      AC: 10    Str:  4    XL:     11   Next: 46%
Magic:  8/29       EV: 20    Int: 26    God:    Sif Muna [***...]
Gold:   293        SH:  0    Dex: 17    Spells: 18/36 levels left

rFire   . . .        e - +1 dagger (flame)
rCold   . . .        k - orb {guile}
rNeg    . . .        I - +0 steam dragon scales
rPois   .            H - +0 hat
rElec   .            F - +0 cloak
rCorr   .            (gloves unavailable)
SInv    +            (boots unavailable)
Will    .....        (no amulet)
Stlth   ++++         P - +4 ring of protection
HPRegen 0.28/turn    A - +6 ring of intelligence
MPRegen 0.21/turn

%: no passive effects
@: very quick
A: very small, no large weapons, unfitting armour, see invisible, speed 3
a: Renounce Religion, Channel Magic, Forget Spell


You were on level 2 of the Lair of Beasts.
You worshipped Sif Muna.
Sif Muna was most pleased with you.
You visited 3 branches of the dungeon, and saw 11 of its levels.

You collected 383 gold pieces.
You spent 90 gold pieces at shops.

Inventory:

Hand Weapons
 b - a +0 hand axe
 e - a +1 dagger of flaming (weapon)
 v - a +4 trident of draining
 J - a +3 short sword
 L - a +0 dagger
 M - a +1 dagger of venom
Armour
 a - a +0 robe
 k - an orb of guile (worn)
 q - a +2 robe of willpower
 z - an orb of guile
 F - a +0 cloak (worn)
 H - a +0 hat (worn)
 I - +0 steam dragon scales (worn)
Jewellery
 f - a ring of fire
 g - a ring of fire
 o - a ring of flight
 A - a +6 ring of intelligence (right hand)
 P - a +4 ring of protection (left hand)
 T - an amulet of reflection
Talismans
 x - a granite talisman
Wands
 c - a wand of paralysis (10)
 y - a wand of flame (6)
 K - a wand of polymorph (4)
 N - a wand of digging (7)
Scrolls
 h - 3 scrolls of revelation
 i - 6 scrolls of teleportation
 j - a scroll of noise {unknown}
 t - 2 scrolls of poison
 E - a scroll of blinking
 G - 2 scrolls of enchant armour {unknown}
 O - a scroll of enchant weapon {unknown}
 Q - a scroll of immolation {unknown}
 S - a scroll of fear
Potions
 d - a potion of brilliance
 l - 2 potions of heal wounds
 m - 2 potions of cancellation
 n - a potion of might {unknown}
 p - 2 potions of attraction {unknown}
 r - 2 potions of enlightenment {unknown}
 s - a potion of degeneration {unknown}
 u - a potion of lignification {unknown}
 w - 4 potions of curing
 B - 2 potions of mutation {unknown}
 C - 3 potions of invisibility
 D - a potion of ambrosia {unknown}
Miscellaneous
 R - a tin of tremorstones (2/2)


   Skills:
 + Level 1.9 Fighting
 + Level 2.7 Short Blades
 + Level 1.5 Axes
 + Level 5.7 Dodging
 + Level 6.9 Stealth
 + Level 13.3 Spellcasting
 + Level 3.0 Conjurations
 + Level 1.6 Fire Magic
 + Level 5.5 Air Magic
 + Level 11.2 Alchemy
 + Level 2.4 Evocations


You had 18 spell levels left.
You knew the following spells:

 Your Spells              Type           Power      Damage    Failure   Level
a - Sting                 Conj/Alch      100%       1d9       1%          1
b - Mephitic Cloud        Conj/Alch/Air  51%        N/A       1%          3
c - Mercury Vapours       Alch/Air       100%       N/A       1%          2
d - Olgreb's Toxic Radia  Alch           66%        N/A       1%          4
e - Sticky Flame          Fire/Alch      50%        2d9       2%          4
g - Airstrike             Air            23%        2d(4-20)  3%          4

Your spell library contained the following spells:

 Spells                   Type           Power      Damage    Failure   Level
 Foxfire                  Conj/Fire      100%       2x1d9     1%          1
 Shock                    Conj/Air       100%       1d9       1%          1
 Swiftness                Air            46%        N/A       1%          3
 Momentum Strike          Conj/Tloc      50%        3d9       2%          2
 Blink                    Tloc           34%        N/A       4%          2
 Ensorcelled Hibernation  Hex/Ice        34%        N/A       4%          2
 Lesser Beckoning         Tloc           34%        N/A       4%          2
 Fugue of the Fallen      Necr           17%        N/A       10%         3
 Anguish                  Hex/Necr       8%         N/A       32%         4
 Plasma Beam              Fire/Air       18%        2x1d29    75%         6
 Starburst                Conj/Fire      14%        6d6       88%         6


Dungeon Overview and Level Annotations

Branches:
Dungeon (8/15)             Temple (1/1) D:6            Lair (2/5) D:8
  Swamp: Lair:2-3    Shoals: Lair:2-3     Snake: Lair:2-3    Spider: Lair:2-3

Altars:
Cheibriados
Dithmenos
Elyvilon
Fedhas
Gozag
Hepliaklqana
Kikubaaqudgha
Makhleb
Qazlal
Ru
Sif Muna
Trog
Uskayaw
Vehumet
Xom
Zin
The Shining One

Shops:
D:1 *   D:4 :   D:6 [

Annotations:
Temple 2 transporters


Innate Abilities, Weirdness & Mutations

You are very small and have problems with some larger weapons.
You are too small for most types of armour.
You have supernaturally acute eyesight. (SInv)
You cover ground extremely quickly. (Speed+++)


Message History

Aiming: Sticky Flame (dangerous; 2% risk of failure)
Press: ? - help, Shift-Dir - straight line, f/p - six-headed hydra
Aim: a six-headed hydra (moderately wounded)
The sticky flame hits the six-headed hydra!
The six-headed hydra is moderately wounded.
The six-headed hydra burns!
The six-headed hydra completely misses you.
The six-headed hydra bites you!
The six-headed hydra bites you but does no damage. x2
The six-headed hydra bites you! The six-headed hydra bites you.
The six-headed hydra shakes off the sticky flame as it moves.
Casting: Sticky Flame (dangerous; 2% risk of failure)
Confirm with . or Enter, or press ? or * to list all spells.
You can't see any susceptible monsters within range! (Use Z to cast anyway.)
Casting: Sticky Flame (dangerous; 2% risk of failure)
Confirm with . or Enter, or press ? or * to list all spells.
You begin to radiate toxic energy.
Casting: Olgreb's Toxic Radiance (safe; 1% risk of failure)
Confirm with . or Enter, or press ? or * to list all spells.
Aiming: Airstrike (dangerous; 3% risk of failure)
Press: ? - help, Dir - move target, f/p - six-headed hydra
Aim: a six-headed hydra (moderately wounded, empty space bonus: 8/8)
The air twists around and strikes the six-headed hydra!
The six-headed hydra is severely wounded.
Your toxic aura wanes.
Unknown command.
The six-headed hydra attacks as it pursues you!
The six-headed hydra bites you but does no damage. x2
The six-headed hydra misses you.
The six-headed hydra bites you but does no damage.
The six-headed hydra bites you!
* * * LOW HITPOINT WARNING * * *
The six-headed hydra bites you.
* * * LOW HITPOINT WARNING * * *
The six-headed hydra attacks as it pursues you!
The six-headed hydra closely misses you.
The six-headed hydra bites you!
* * * LOW HITPOINT WARNING * * *
The six-headed hydra bites you.
You die...

.. ###...........## ..
#..##.........### #### ...
#.............#.# ##.P
...###..............### #..#
...P#................P# ##..#
......................### ...#
.....................##.###..#
.......รท......[..............#
...............D@............#
P..P.................###..##.##
..........#.##P....### #####..#
........#............### ##.###
...........###.#........#
#....# ...........#
###.........###.###
...~.~~~~..# P....P#.....#.P#
....~~~~~~.# #....###....<.##
#....###.##..##


You could see a six-headed hydra.

Vanquished Creatures
  2 harpies (Lair:2)
  2 black mambas (Lair:1)
  2 cane toads (Lair:1)
  Jeremiah (D:6)
  3 rime drakes
  3 komodo dragons (Lair:1)
  5 polar bears
  A wyvern (D:8)
  Eustachio (D:6)
  5 yaks (D:8)
  Edmund (D:6)
  A steam dragon (D:8)
  A basilisk (Lair:2)
  Menkaure (D:7)
  2 water moccasins
  A sky beast (D:8)
  9 ice beasts
  2 black bears (D:7)
  6 wolves
  3 centaurs
  5 phantoms
  3 kobold brigands (D:8)
  A bullfrog (D:7)
  13 wights
  A howler monkey (D:6)
  4 bombardier beetles
  A crimson imp (D:7)
  A gnoll bouda (D:8)
  5 hounds
  6 orc priests
  2 sleepcaps
  Jessica (D:2)
  5 iguanas
  13 orc wizards
  7 adders
  8 gnolls
  A shadow imp (D:7)
  2 white imps
  A dart slug (D:5)
  A ribbon worm (D:4)
  30 orcs
  5 endoplasms
  4 giant cockroaches
  6 goblins
  6 hobgoblins
  11 jackals
  21 kobolds
  2 quokkas
  4 ball pythons
  7 bats
  4 frilled lizards
  8 rats
241 creatures vanquished.

Notes
Turn   | Place    | Note
-------+----------+-------------------------------------------
     0 | D:1      | PriceMaster the Spriggan Alchemist began the quest for the
                  | Orb.
     0 | D:1      | Reached XP level 1. HP: 9/9 MP: 5/5
    51 | D:1      | Reached XP level 2. HP: 10/13 MP: 0/6
   584 | D:1      | Reached XP level 3. HP: 16/16 MP: 5/8
   597 | D:1      | Learned a level 3 spell: Mephitic Cloud
   683 | D:1      | Found a faded altar of an unknown god.
  1056 | D:1      | Reached skill level 1 in Conjurations
  1076 | D:1      | Learned a level 2 spell: Mercury Vapours
  1141 | D:1      | Found Xeug's General Store.
  1906 | D:2      | Upgraded the game from 0.32-a0-411-g744942f433 to
                  | 0.32-a0-422-g28b100f618
  1940 | D:2      | Reached skill level 1 in Axes
  1951 | D:2      | Reached skill level 3 in Spellcasting
  2009 | D:2      | Reached XP level 4. HP: 21/21 MP: 2/9
  2332 | D:2      | Noticed Jessica
  2350 | D:2      | Killed Jessica
  3042 | D:3      | Reached XP level 5. HP: 24/24 MP: 11/11
  3379 | D:3      | Found a shimmering blue altar of Sif Muna.
  3403 | D:3      | Became a worshipper of Sif Muna the Loreminder
  3435 | D:3      | Reached skill level 1 in Short Blades
  3823 | D:3      | Reached XP level 6. HP: 27/29 MP: 1/12
  3979 | D:3      | Reached skill level 1 in Air Magic
  4283 | D:3      | Found a shimmering altar of Xom.
  4354 | D:3      | Reached skill level 4 in Spellcasting
  4894 | D:4      | Reached * piety under Sif Muna
  4915 | D:4      | Reached skill level 5 in Alchemy
  5029 | D:4      | Reached skill level 5 in Stealth
  5263 | D:4      | Reached XP level 7. HP: 7/32 MP: 3/14
  5589 | D:4      | Learned a level 4 spell: Olgreb's Toxic Radiance
  5631 | D:4      | Found Xoecum's Book Shop.
  6004 | D:5      | Entered Level 5 of the Dungeon
  6352 | D:5      | Reached skill level 5 in Spellcasting
  6466 | D:5      | Learned a level 4 spell: Sticky Flame
  7053 | D:5      | Reached skill level 6 in Spellcasting
  7102 | D:5      | Reached XP level 8. HP: 22/37 MP: 0/18
  7983 | D:5      | Learned a level 3 spell: Swiftness
  8137 | D:6      | Noticed Edmund
  8167 | D:6      | Killed Edmund
  8168 | D:6      | Reached skill level 7 in Spellcasting
  8221 | D:6      | Found a glowing golden altar of the Shining One.
  8437 | D:6      | Noticed Eustachio
  8457 | D:6      | Killed Eustachio
  8458 | D:6      | Reached skill level 1 in Fighting
  8458 | D:6      | Reached skill level 5 in Dodging
  8508 | D:6      | Found a staircase to the Ecumenical Temple.
  9009 | Temple   | Found a transporter.
  9009 | Temple   | Found a transporter.
  9009 | Temple   | Found a transporter.
  9009 | Temple   | Found a transporter.
  9009 | Temple   | Entered the Ecumenical Temple
  9327 | Temple   | Learned a level 4 spell: Airstrike
 10302 | D:6      | Noticed an animated plate armour
 10304 | D:6      | Found Zionej's Armour Boutique.
 10306 | D:6      | Noticed an animated shadow dragon scales
 10383 | D:6      | Noticed Jeremiah
 10392 | D:6      | Found Zin's Purification Station.
 10400 | D:6      | Reached XP level 9. HP: 31/41 MP: 1/21
 10400 | D:6      | Killed Jeremiah
 10401 | D:6      | Reached skill level 8 in Spellcasting
 10743 | D:6      | Found a glowing silver altar of Zin.
 10746 | D:6      | Bought a potion of curing for 90 gold pieces
 11488 | D:7      | Reached ** piety under Sif Muna
 11500 | D:7      | Reached skill level 9 in Spellcasting
 11987 | D:7      | Found a bloodstained altar of Trog.
 12744 | D:7      | Noticed Menkaure
 12765 | D:7      | Killed Menkaure
 13532 | D:7      | Found a burning altar of Makhleb.
 13533 | D:7      | Found a radiant altar of Vehumet.
 13684 | D:8      | Reached skill level 10 in Spellcasting
 13686 | D:8      | Reached XP level 10. HP: 46/46 MP: 0/25
 13723 | D:8      | Reached skill level 1 in Evocations
 15280 | D:8      | Found a sacrificial altar of Ru.
 15413 | D:8      | Upgraded the game from 0.32-a0-422-g28b100f618 to
                  | 0.32-a0-433-g08bcfe7efd
 15418 | D:8      | Reached skill level 11 in Spellcasting
 16006 | D:8      | Reached skill level 1 in Fire Magic
 16153 | D:8      | Reached skill level 10 in Alchemy
 16162 | D:8      | Reached *** piety under Sif Muna
 16993 | D:8      | Found a staircase to the Lair.
 17944 | Lair:1   | Entered Level 1 of the Lair of Beasts
 17944 | Lair:1   | Noticed a cane toad
 17948 | Lair:1   | Killed a cane toad
 18047 | Lair:1   | Reached skill level 12 in Spellcasting
 18382 | Lair:1   | Noticed a cane toad
 18386 | Lair:1   | Killed a cane toad
 18528 | Lair:1   | Reached XP level 11. HP: 50/50 MP: 10/28
 18550 | Lair:1   | Reached skill level 5 in Air Magic
 20514 | Lair:1   | Reached skill level 13 in Spellcasting
 21062 | Lair:2   | Noticed a harpy
 21082 | Lair:2   | Killed a harpy
 21298 | Lair:2   | Noticed a harpy
 21303 | Lair:2   | Killed a harpy
 21578 | Lair:2   | Noticed a six-headed hydra
 21597 | Lair:2   | HP: 1/50 [six-headed hydra (11)]
 21597 | Lair:2   | Slain by a six-headed hydra

Illustrated notes

Levels and vault maps discovered:
D:1:      dpeg_arrival_solitude, layout_basic, serial_shops,
          nicolae_shop_crystal, chequers_ecumenical_altar_simple,
          amethyst_killhole, nrook_loot_triangle, minmay_pentomino_q2
D:2:      layout_basic, uniq_jessica
D:3:      wander_river, layout_rooms, lemuel_crystal_altar, xom_teletrap_fun
D:4:      layout_basic, serial_shops, shop
D:5:      layout_basic, minmay_misc_feat_rugged
D:6:      layout_loops_cross, tso_metal_star, zin_purify,
          minmay_temple_entry_drinking_statues, serial_shops,
          nicolae_shop_mannequins, uniq_jeremiah, uniq_eustachio, uniq_edmund
D:7:      layout_rooms, grunt_temple_overflow_lords_of_destruction,
          trog_ov_bears_minmay, uniq_menkaure
D:8:      layout_rooms, nicolae_overflow_hidden_temple, hellmonk_lair_entry_icy,
          serial_glass, glass_columns_a, glass_columns_b, glass_columns_a,
          grunt_decor_resistance, eino_small_chamber_without_monster,
          grunt_tough_drop
Temple:   hellmonk_temple_divided_pantheon
Lair:1:   layout_long_grid, gauntlet_entry_generic, cheibrodos_lair_lostbears
Lair:2:   layout_gridlike, nicolae_shoals_entry_roost,
          spider_nest_entry_funnel_web

Skill      XL: |  1  2  3  4  5  6  7  8  9 10 11 |
---------------+----------------------------------+-----
Alchemy        | 4 5 6 7 9 10 11 | 11.2
Dodging        | 3 4 5 |  5.7
Conjurations   | 1 2 3 |  3.0
Axes           | 1 |  1.5
Spellcasting   | 3 4 6 7 10 12 13 | 13.3
Stealth        | 4 5 6 |  6.9
Short Blades   | 1 2 |  2.7
Air Magic      | 1 2 3 4 5 |  5.5
Fighting       | 1 |  1.9
Evocations     | 2 |  2.4
Fire Magic     | 1 |  1.6

Action                     |  1- 3 |  4- 6 |  7- 9 | 10-12 || total
---------------------------+-------+-------+-------+-------++-------
  Melee: Hand axe          |    33 |     9 |       |       ||    42
         Dagger            |       |    94 |   145 |    29 ||   268
   Cast: Sting             |    42 |    68 |    87 |    21 ||   218
         Mercury Vapours   |     7 |    20 |    17 |    13 ||    57
         Mephitic Cloud    |     4 |    14 |    20 |     9 ||    47
         Olgreb's Toxic Ra |       |       |    53 |    61 ||   114
         Sticky Flame      |       |       |    10 |    17 ||    27
         Airstrike         |       |       |    16 |    39 ||    55
  Evoke: Wand              |       |       |     5 |    19 ||    24
    Use: Potion            |     1 |     1 |     3 |     2 ||     7
         Scroll            |       |     6 |     6 |     1 ||    13
   Stab: Confused          |     1 |     7 |     1 |       ||     9
         Sleeping          |       |     3 |     1 |     1 ||     5
         Distracted        |       |     1 |       |       ||     1
         Paralysed         |       |       |     1 |     1 ||     2
 Armour: Robe              |    13 |    30 |    61 |    12 ||   116
         Steam dragon scal |       |       |       |    28 ||    28
  Dodge: Dodged            |    52 |   125 |   154 |    60 ||   391

Table legend: (Time is in decaauts)
 A = Elapsed time spent in this place.
 B = Non-inter-level travel time spent in this place.
 C = Inter-level travel time spent in this place.
 D = Time resting spent in this place.
 E = Time spent auto-exploring this place.
 F = Levels seen in this place.
 G = Mean time per level.
                   A        B        C        D        E       F      G
               +--------+--------+--------+--------+--------+-----+--------+
         Total |  19015 |  18867 |    148 |  12834 |   3877 |  11 | 1728.6 |
       Dungeon |  15335 |  15209 |    126 |   9974 |   3285 |   8 | 1916.9 |
        Temple |    418 |    418 |      0 |    410 |      0 |   1 |  418.0 |
          Lair |   3261 |   3239 |     22 |   2449 |    591 |   2 | 1630.5 |
               +--------+--------+--------+--------+--------+-----+--------+

Top non-repeatable levels by time:
     D:8: 3943 daAuts
     D:6: 2729 daAuts
  Lair:1: 2575 daAuts
     D:7: 1991 daAuts
     D:5: 1768 daAuts
     D:1: 1535 daAuts
     D:3: 1389 daAuts
     D:4: 1115 daAuts
     D:2: 862 daAuts
  Lair:2: 685 daAuts
  Temple: 418 daAuts
